 Dungeon Crawl Stone Soup version 0.32-a0-422-g28b100f618 (webtiles) character file.

Game seed: 11672414326939439976

27948 Pooter the Severer (level 13, -29/116 HPs)
             Began as a Minotaur Monk on Feb 21, 2024.
             Was an Elder of Beogh.
             Annihilated by Bogbrand the orc apostle
             ... wielding the +10 great sword of a treasure trove {speed, Str+4 Int-2}
              (31 damage)
             ... on level 5 of the Lair of Beasts on Feb 22, 2024.
             The game lasted 01:27:57 (18377 turns).

Pooter the Severer (Minotaur Monk)                 Turns: 18377, Time: 01:27:58

Health: -29/116    AC: 20    Str: 24    XL:     13   Next: 7%
Magic:  0/18       EV: 12    Int:  7    God:    Beogh [****..]
Gold:   795        SH:  0    Dex: 13    Spells: 12/12 levels left

rFire   + . .        a - +0 war axe
rCold   . . .        (no shield)
rNeg    . . .        U - +4 plate armour {rF+}
rPois   +            (helmet restricted)
rElec   .            T - +1 cloak of Starlight {*Dazzle EV+4 Stlth--}
rCorr   .            D - +0 pair of gloves {Str+3}
SInv    +            (no boots)
Will    .....        G - amulet of guardian spirit Stlth
                     S - ring of see invisible
HPRegen 0.39/turn    P - ring of poison resistance
MPRegen 0.16/turn

%: guardian spirit
@: lethally poisoned (-29 -> -32), invisible
A: horns 2, retaliatory headbutt
a: Renounce Religion, Smiting, Recall Apostles, Dismiss Boghold, wizard, Dismiss
Nordag, warrior


You were on level 5 of the Lair of Beasts.
You worshipped Beogh.
Beogh was greatly pleased with you.
You visited 2 branches of the dungeon, and saw 15 of its levels.
You also visited: Sewer and Bailey.

You collected 795 gold pieces.

Inventory:

Hand Weapons
 a - a +0 war axe (weapon)
   (You took it off an orc on level 4 of the Dungeon)
 b - a +0 longbow
   (You found it on level 7 of the Dungeon)
 C - a +2 quarterstaff of chaos
   (You took it off Crazy Yiuf on level 5 of the Dungeon)
 I - a +0 dire flail
   (You took it off Blork the orc on level 6 of the Dungeon)
 J - a +4 vampiric trident
   (You took it off Jeremiah on level 6 of the Dungeon)
Missiles
 w - 12 boomerangs
 B - 25 poisoned darts (quivered)
 K - 4 curare-tipped darts
 Q - 133 stones
Armour
 d - an orb of light
 o - +0 ice dragon scales
   (You found it on level 2 of the Dungeon)
 D - a +0 pair of gloves of strength (worn)
   (You found it on level 5 of the Dungeon)
 L - a +1 cloak
   (You took it off Crazy Yiuf on level 5 of the Dungeon)
 O - the +0 pair of gloves of the Realm of Zot {rPois rC+ MP+9}
   (You found it in a bailey)

   rC+:       It protects you from cold.
   rPois:     It protects you from poison MP+9: It affects your magic capacity
   (+9).
 T - the +1 cloak of Starlight (worn) {*Dazzle EV+4 Stlth--}
   (You acquired it on level 1 of the Lair of Beasts)

   *Dazzle:   It may blind those who miss an attack against the wearer in melee
   combat.
   EV+4:      It affects your evasion (+4).
   Stlth--:   It makes you much less stealthy.
 U - a +4 plate armour of fire resistance (worn)
   (You took it off an orc warrior in a bailey)
Jewellery
 G - an amulet of guardian spirit (around neck)
   (You found it on level 2 of the Dungeon)
 P - a ring of poison resistance (right hand)
   (You took it off an orc on level 3 of the Dungeon)
 S - a ring of see invisible (left hand)
   (You found it on level 3 of the Dungeon)
Wands
 f - a wand of flame (24)
   (You found it on level 7 of the Dungeon)
 u - a wand of roots (7)
   (You found it on level 6 of the Dungeon)
 F - a wand of quicksilver (7)
   (You took it off Ijyb on level 4 of the Dungeon)
Scrolls
 g - 3 scrolls of summoning
 l - 4 scrolls of fog
 m - a scroll of noise {!r}
 n - a scroll of silence
 r - 3 scrolls of fear
 t - 5 scrolls of teleportation {@r4}
 v - 3 scrolls of vulnerability {!r}
 M - 2 scrolls of immolation {!r}
 Y - a scroll of enchant weapon {unknown}
Potions
 c - 2 potions of ambrosia
 h - 2 potions of attraction {!q}
 p - 2 potions of enlightenment {unknown}
 q - a potion of invisibility
 s - 5 potions of brilliance
 x - 5 potions of curing {@q1}
 y - 3 potions of lignification {!q}
 z - 3 potions of mutation {!q}
 A - 2 potions of heal wounds {@q2}
 E - 2 potions of cancellation {unknown}
 H - a potion of resistance {unknown}
 R - a potion of magic {unknown}
 W - a potion of experience {unknown}
 X - a potion of degeneration {unknown}
Miscellaneous
 N - a phial of floods
   (You found it in a bailey)


   Skills:
 + Level 11.2 Fighting
 * Level 15.2 Axes
 * Level 12.9 Ranged Weapons
 - Level 2.5 Throwing
 + Level 6.5 Armour
 - Level 3.2 Dodging
 - Level 2.1 Stealth
 + Level 8.8 Invocations
 - Level 2.2 Evocations


You had 12 spell levels left.
You didn't know any spells.
Your spell library contained the following spells:

 Spells                   Type           Power      Damage    Failure   Level
 Apportation              Tloc           0%         N/A       100%        1
 Foxfire                  Conj/Fire      0%         2x1d4     100%        1
 Kiss of Death            Conj/Necr      0%         2d5       100%        1
 Magic Dart               Conj           0%         1d3       100%        1
 Necrotise                Necr           0%         1d4       100%        1
 Slow                     Hex            0%         N/A       100%        1
 Sting                    Conj/Alch      0%         1d3       100%        1
 Summon Small Mammal      Summ           0%         N/A       100%        1
 Jinxbite                 Hex            0%         N/A       100%        2
 Scorch                   Fire           0%         2d5       100%        2
 Searing Ray              Conj           0%         2d4       100%        2
 Confusing Touch          Hex            0%         N/A       100%        3
 Inner Flame              Hex/Fire       0%         N/A       100%        3
 Sigil of Binding         Hex            0%         N/A       100%        3
 Vampiric Draining        Necr           0%         2d6       100%        3
 Dispel Undead            Necr           0%         3d6       100%        4
 Flame Wave               Conj/Fire      0%         2d4       100%        4
 Fulminant Prism          Conj/Alch      0%         3d5       100%        4
 Sticky Flame             Fire/Alch      0%         2d4       100%        4
 Yara's Violent Unravell  Hex/Alch       0%         3d3       100%        5
 Plasma Beam              Fire/Air       0%         2x1d10    100%        6
 Starburst                Conj/Fire      0%         6d3       100%        6
 Summon Cactus Giant      Summ           0%         N/A       100%        6
 Enfeeble                 Hex            0%         N/A       100%        7
 Haunt                    Necr/Summ      0%         N/A       100%        7
 Borgnjor's Revivificati  Necr           0%         N/A       100%        8
 Death's Door             Necr           0%         N/A       100%        9


Dungeon Overview and Level Annotations

Branches:
Dungeon (10/15) Zot: 24941  Temple (0/1) D:7            Lair (4/5) D:8 Zot: 24764
 Shoals (0/4) Lair:2       Spider (0/4) Lair:2        Sewer (visited)
 Bailey (visited)
  Slime: Lair:4-5       Orc: D:9-12

Altars:
Ashenzari
Cheibriados
Elyvilon
Makhleb
Qazlal
Ru
Uskayaw

Annotations:
Lair:4 1 transporter


Innate Abilities, Weirdness & Mutations

Your facial features are unmistakably orcish.
You have a pair of horns on your head.
You reflexively headbutt those who attack you in melee.


Message History

Bogbrand hits you with the +10 great sword of a treasure trove {speed, Str+4 Int-2}!
* * * LOW MAGIC WARNING * * *
* * * LOW HITPOINT WARNING * * *
You hit Bogbrand but do no damage.
You feel sick.
Bogbrand hits you with the +10 great sword of a treasure trove {speed, Str+4 Int-2}!
* * * LOW MAGIC WARNING * * *
* * * LOW HITPOINT WARNING * * *
Boghold casts a spell at Bogbrand.
Bogbrand seems to slow down.
A jelly comes into view.
The scrub nettle launches toxic spines at you.
The sting hits you.
You are more poisoned.
You partially resist.
* * * LOW HITPOINT WARNING * * *
The scrub nettle launches toxic spines at you.
The sting misses you.
You hit Bogbrand but do no damage.
You feel sick.
The basilisk seems to regain its courage.
Nordag stops moving altogether!
Bogbrand hits you but does no damage.
Unknown command.
You closely miss Bogbrand. You headbutt Bogbrand!
You feel sick.
You hit Bogbrand. You barely miss the rime drake.
You feel sick.
Boghold hits Bogbrand but does no damage.
Lightning courses through Bogbrand!
Bogbrand hits you with the +10 great sword of a treasure trove {speed, Str+4 Int-2}!!
* * * LOW MAGIC WARNING * * *
* * * LOW HITPOINT WARNING * * *
The rime drake bites you but does no damage.
Unknown command.
You slash Bogbrand!
You catch the helpless rime drake completely off-guard!
You hit the rime drake. The ice encasing you melts away.
* * * LOW HITPOINT WARNING * * *
You feel sick.
Boghold casts a spell at Bogbrand.
Bogbrand resists with significant effort.
You catch Bogbrand completely off-guard!
You hit Bogbrand.
You headbutt Bogbrand, but do no damage.
You hit the rime drake but do no damage.
* * * LOW HITPOINT WARNING * * *
You feel sick. The rime drake barely misses you.
The rime drake closely misses Boghold.
Bogbrand hits you with the +10 great sword of a treasure trove {speed, Str+4 Int-2}!!
* * * LOW MAGIC WARNING * * *
You die...
Beogh appreciates Bogbrand's killing of a heretic priest.

P....P...P....#.####.##
...................##..#
P.P...........#P..##.÷.#
..................#.....
.P...<.....P.....##.....
................##......
P.....ß........##...P...
....<..k...l..#.÷.......
.P.....@ook...#..P.....P
........†.........♣.....
..P.......PoP.#..P...†.#
....P...P....#......÷..#
..P....J..P#.##...#....†
............#.........##
.................k.#.###
#..#............#.#### #
....)####P### #


You could see Bogbrand the orc apostle (slow, ally target, divinely empowered),
a basilisk (unable to see you), 2 rime drakes, 2 scrub nettles, a jelly, the
friendly Boghold the orc apostle and the friendly Nordag the orc apostle
(petrified, very poisoned).

Vanquished Creatures
  The ghost of Persephone the Fencer, a journeyman MiWn of Gozag (Lair:3)
  A hydra (Lair:5)
  A catoblepas (Lair:5)
  2 two-headed ogres (D:10)
  A death yak (D:8)
  Amaemon (D:10)
  An orc knight (Bailey)
  A manticore (Lair:2)
  4 elephants
  3 black mambas
  A torpor snail (Lair:1)
  Joseph (D:8)
  An orange demon (D:10)
  6 komodo dragons
  A rime drake (Lair:2)
  6 cane toads
  Jeremiah (D:6)
  A polar bear (Lair:5)
  2 trolls
  2 hornets
  4 blink frogs (Lair:2)
  2 wraiths (D:9)
  29 yaks
  3 wyverns
  2 steam dragons
  2 basilisks
  4 water moccasins
  4 orc warriors
  2 black bears
  2 sky beasts (D:7)
  4 ogres
  6 wolves
  5 centaurs
  2 brain worms (Sewer)
  3 kobold brigands
  Blork the orc (D:6)
  6 bullfrogs
  2 gnoll sergeants (D:8)
  2 scorpions
  8 wights
  3 killer bees (D:9)
  4 howler monkeys
  An electric eel (Lair:1)
  2 bombardier beetles (D:5)
  2 hounds
  Crazy Yiuf (D:5)
  3 orc priests
  5 iguanas
  Ijyb (D:4)
  4 orc wizards
  4 hell rats (Lair:2)
  8 gnolls (D:8)
  15 adders
  2 river rats (Sewer)
  2 shadow imps (D:5)
  A white imp (D:5)
  6 ufetubi
  2 dart slugs (D:4)
  A ribbon worm (D:3)
  30 orcs
  4 bats
  11 endoplasms
  17 goblins
  5 hobgoblins
  6 jackals
  5 quokkas
  10 ball pythons
  5 frilled lizards
  26 kobolds
  10 rats
327 creatures vanquished.

Vanquished Creatures (collateral kills)
  An elephant (Lair:4)
  A black mamba (Lair:2)
  3 komodo dragons
  A polar bear (Lair:5)
  A wind drake (Lair:2)
  A blink frog (Lair:2)
  A wyvern (Lair:5)
  3 yaks
  A basilisk (Lair:3)
  A black bear (Lair:5)
  7 wolves (Lair:5)
  A scorpion (Lair:2)
  A jelly (Lair:5)
23 creatures vanquished.

Vanquished Creatures (others)
  An orc apostle (Lair:2)
  An orc wizard (D:5)
  6 orcs
8 creatures vanquished.

Grand Total: 358 creatures vanquished

Notes
Turn   | Place    | Note
-------+----------+-------------------------------------------
     0 | D:1      | Pooter the Minotaur Monk began the quest for the Orb.
     0 | D:1      | Reached XP level 1. HP: 19/19 MP: 0/0
   102 | D:1      | Reached XP level 2. HP: 27/27 MP: 1/1
   112 | D:1      | Reached skill level 4 in Axes
   229 | D:1      | Reached XP level 3. HP: 28/33 MP: 2/2
   452 | D:1      | Reached skill level 1 in Throwing
   972 | D:2      | Reached skill level 1 in Invocations
   975 | D:2      | Reached skill level 1 in Evocations
   975 | D:2      | Reached XP level 4. HP: 33/40 MP: 3/3
  1235 | D:2      | Reached skill level 1 in Stealth
  1662 | D:3      | Reached XP level 5. HP: 44/46 MP: 3/5
  1801 | D:3      | Reached skill level 5 in Axes
  2320 | D:4      | Reached XP level 6. HP: 51/53 MP: 6/6
  2405 | D:4      | Noticed Ijyb
  2418 | D:4      | Killed Ijyb
  2711 | D:4      | Became a worshipper of Beogh the Shepherd
  2711 | D:4      | Reached * piety under Beogh
  2711 | D:4      | Reached ** piety under Beogh
  2846 | D:4      | Reached skill level 5 in Fighting
  2846 | D:4      | Reached skill level 6 in Axes
  2846 | D:4      | Reached XP level 7. HP: 38/61 MP: 4/7
  3344 | D:5      | Entered Level 5 of the Dungeon
  3355 | D:5      | Reached skill level 1 in Ranged Weapons
  3646 | D:5      | Found a white marble altar of Elyvilon.
  3733 | D:5      | Reached skill level 7 in Axes
  3879 | D:5      | Found a runed translucent door.
  3880 | D:5      | Noticed Crazy Yiuf
  3909 | D:5      | Reached XP level 8. HP: 57/69 MP: 7/9
  4029 | D:5      | Found a snail-covered altar of Cheibriados.
  4353 | D:5      | Killed Crazy Yiuf
  4560 | D:6      | Found a glowing drain.
  4573 | Sewer    | Entered a sewer
  5148 | D:6      | Noticed Blork the orc
  5154 | D:6      | Killed Blork the orc
  5155 | D:6      | Reached skill level 8 in Axes
  5181 | D:6      | Noticed Jeremiah
  5592 | D:6      | Killed Jeremiah
  5593 | D:6      | Reached skill level 5 in Ranged Weapons
  6072 | D:7      | Reached XP level 9. HP: 61/78 MP: 9/11
  6144 | D:7      | Found a staircase to the Ecumenical Temple.
  6189 | D:7      | Reached skill level 9 in Axes
  6318 | D:7      | Found a burning altar of Makhleb.
  6318 | D:7      | Noticed a blizzard demon
  6324 | D:7      | Noticed an orange demon
  6709 | D:8      | Found a hide-covered altar of Uskayaw.
  6784 | D:8      | Reached skill level 5 in Invocations
  6787 | D:8      | Reached skill level 10 in Axes
  7027 | D:8      | Noticed a cane toad
  7031 | D:8      | Killed a cane toad
  7225 | D:8      | Found a staircase to the Lair.
  7283 | D:8      | Reached XP level 10. HP: 88/88 MP: 13/13
  7762 | D:8      | Noticed Joseph
  7787 | D:8      | Killed Joseph
  8168 | D:9      | Reached skill level 11 in Axes
  8262 | D:9      | Found a sacrificial altar of Ru.
  9466 | D:9      | Reached skill level 12 in Axes
  9742 | D:10     | Entered Level 10 of the Dungeon
  9787 | D:10     | Noticed a two-headed ogre
  9793 | D:10     | Killed a two-headed ogre
 10066 | D:10     | Reached XP level 11. HP: 58/95 MP: 10/14
 10328 | D:10     | Found a flagged portal.
 10337 | Bailey   | Entered a bailey
 10338 | Bailey   | Upgraded the game from 0.32-a0-411-g744942f433 to
                  | 0.32-a0-422-g28b100f618
 10719 | Bailey   | Noticed an orc knight
 10760 | Bailey   | Killed an orc knight
 10761 | Bailey   | Reached skill level 10 in Ranged Weapons
 11553 | Bailey   | Identified the +0 pair of gloves of the Realm of Zot {rPois
                  | rC+ MP+9}
 11689 | D:10     | Found a broken altar of Ashenzari.
 11765 | D:10     | Found a transporter.
 11820 | D:10     | Noticed Amaemon
 11831 | D:10     | Killed Amaemon
 11832 | D:10     | Reached skill level 1 in Armour
 11870 | D:10     | Noticed a two-headed ogre
 11883 | D:10     | Killed a two-headed ogre
 12368 | D:10     | Found a transporter.
 12431 | D:10     | Found a transporter.
 12502 | D:10     | Found a stormy altar of Qazlal.
 12585 | D:10     | Found a transporter.
 12846 | Lair:1   | Entered Level 1 of the Lair of Beasts
 12926 | Lair:1   | Found the +6 shillelagh "Devastator" {shatter}
 12954 | Lair:1   | Reached skill level 13 in Axes
 13174 | Lair:1   | Noticed a death yak
 13209 | D:8      | Killed a death yak
 13625 | Lair:1   | Identified a scroll of acquirement
 13625 | Lair:1   | Acquired the +1 cloak of Starlight {*Dazzle EV+4 Stlth--}
 13625 | Lair:1   | Found the +1 cloak of Starlight {*Dazzle EV+4 Stlth--}
 14439 | Lair:2   | Reached skill level 10 in Fighting
 14443 | Lair:2   | Reached *** piety under Beogh
 14490 | Lair:2   | Noticed Boghold
 14513 | Lair:2   | Anointed Boghold the wizard as your apostle
 14803 | Lair:2   | Reached XP level 12. HP: 106/106 MP: 16/16
 15178 | Lair:2   | Found a hole to the Spider Nest.
 15398 | Lair:2   | Your ally Boghold died
 15404 | Lair:2   | Reached skill level 14 in Axes
 15404 | Lair:2   | Found a staircase to the Shoals.
 16039 | Lair:3   | Reached skill level 5 in Armour
 16773 | Lair:3   | Found a runed translucent door.
 16775 | Lair:3   | Noticed Persephone's ghost (journeyman MiWn)
 16797 | Lair:3   | Killed Persephone's ghost
 17121 | Lair:3   | Anointed Nordag the warrior as your apostle
 17947 | Lair:4   | Found a transporter.
 17950 | Lair:4   | You fall into a shaft and drop 1 floor!
 17950 | Lair:5   | Entered Level 5 of the Lair of Beasts
 17950 | Lair:5   | Noticed a catoblepas
 17967 | Lair:5   | Killed a catoblepas
 18192 | Lair:5   | Noticed a four-headed hydra
 18193 | Lair:5   | Reached skill level 15 in Axes
 18197 | Lair:5   | Killed a four-headed hydra
 18291 | Lair:5   | Reached XP level 13. HP: 116/116 MP: 18/18
 18355 | Lair:5   | Identified the +10 great sword of a treasure trove {speed,
                  | Str+4 Int-2}
 18366 | Lair:5   | Reached **** piety under Beogh
 18375 | Lair:5   | HP: 3/116 [Bogbrand the orc apostle/the +10 great sword of
                  | a treasure trove {speed, Str+4 Int-2} (13)]
 18377 | Lair:5   | Annihilated by Bogbrand the orc apostle

Illustrated notes

Levels and vault maps discovered:
D:1:      ebering_trefoil_twist, layout_rooms, serial_glass, glass_columns_c,
          glass_columns_a, glass_columns_b, glass_columns_b, glass_columns_a,
          glass_columns_c, item_on_display_a, feat_on_display,
          due_unseen_surprise, feat_on_display, st_stairs_13,
          kennysheep_pointless_box, dk_noncrumbling_3
D:2:      layout_loops_corners
D:3:      layout_rooms
D:4:      kennysheep_the_goblin_king, layout_gridville, minmay_circle_x
D:5:      layout_loops_ring, elyvilon_altar_1, kennysheep_mini_moat,
          grunt_ministairs_6, uniq_crazy_yiuf_cottage
D:6:      layout_loops_cross, serial_rivers, chequers_serial_rivers_large_a,
          chequers_serial_rivers_marsh, chequers_serial_rivers_micro_a,
          chequers_serial_rivers_micro_d, cheibrodos_sewer_entry_drain,
          chequers_mini_garden, uniq_jeremiah, uniq_blork_the_orc
D:7:      layout_cave_pools, makhleb_altar_promises_db,
          minmay_temple_entry_sparse_star, nicolae_underground_beach
D:8:      layout_cave_pods, nicolae_uskayaw_dance_studio, dpeg_lair_monsters,
          uniq_joseph
D:9:      layout_loops_ring, nicolae_ru_path_of_blood
D:10:     layout_basic, mainiacjoe_overflow_alcove_2,
          mainiacjoe_overflow_small_starburst, enter_bailey_5,
          nicolae_diode_intersection, uniq_amaemon
Lair:1:   layout_long_grid, nicolae_quartered_pool_medium
Lair:2:   hellmonk_destroyed_diamonds, layout_cave_pods,
          minmay_shoals_entry_beasts, dummy_spider_entry
Lair:3:   layout_roguey, hellmonk_ghost_happy_afterlife, serial_bayou_shore_a
Lair:4:   gammafunk_worm_tunnel, layout_long_grid,
          portal_ice_cave_entry_pillars_1, dreamdust_mushroom_princess,
          forest_entry_grove, uniq_kirke
Lair:5:   grunt_lair_end_beastmaster, layout_loops_ring,
          nicolae_slime_entry_field_trip, evilmike_ambush
          [evilmike_ambush_outer_basic, evilmike_ambush_inner_pond]

Skill      XL: |  1  2  3  4  5  6  7  8  9 10 11 12 |
---------------+-------------------------------------+-----
Axes           | 4 5 6 7 8 10 12 13 15 | 15.2
Fighting       | 4 5 6 7 8 10 11 | 11.2
Throwing       | 1 2 |  2.5
Invocations    | 1 2 3 4 5 6 7 8 |  8.8
Evocations     | 1 2 |  2.2
Stealth        | 1 2 |  2.1
Ranged Weapons | 3 5 7 9 11 12 | 12.9
Armour         | 4 6 |  6.5
Dodging        | |  3.2

Action                     |  1- 3 |  4- 6 |  7- 9 | 10-12 | 13-15 || total
---------------------------+-------+-------+-------+-------+-------++-------
  Melee: Hand axe          |    52 |    85 |       |       |       ||   137
         Headbutt          |    12 |    26 |    36 |   121 |     9 ||   204
         War axe           |       |    58 |   190 |   435 |    29 ||   712
         Dire flail        |       |       |       |     4 |       ||     4
   Fire: Shortbow          |       |       |    44 |       |       ||    44
         Longbow           |       |       |     9 |   206 |       ||   215
  Throw: Boomerang         |       |     4 |     2 |     8 |       ||    14
         Stone             |       |     3 |       |       |       ||     3
         Dart              |       |       |       |     7 |       ||     7
 Invoke: Convert to Beogh  |       |     1 |       |       |       ||     1
         Smiting           |       |       |    16 |    15 |       ||    31
         Recruit Apostle   |       |       |       |     2 |       ||     2
         Recall Apostles   |       |       |       |     2 |       ||     2
  Evoke: Wand              |       |       |     6 |     6 |       ||    12
    Use: Scroll            |     3 |     6 |     6 |    11 |     1 ||    27
         Potion            |       |       |     1 |     7 |     1 ||     9
   Stab: Invisible         |       |       |       |    10 |     1 ||    11
         Distracted        |       |       |       |     3 |     1 ||     4
 Armour: Robe              |    28 |    12 |       |       |       ||    40
         Ice dragon scales |       |   116 |   153 |   135 |       ||   404
         Plate armour      |       |       |       |   285 |    34 ||   319
  Dodge: Dodged            |    25 |    86 |   106 |   196 |    20 ||   433

Table legend: (Time is in decaauts)
 A = Elapsed time spent in this place.
 B = Non-inter-level travel time spent in this place.
 C = Inter-level travel time spent in this place.
 D = Time resting spent in this place.
 E = Time spent auto-exploring this place.
 F = Levels seen in this place.
 G = Mean time per level.
                   A        B        C        D        E       F      G
               +--------+--------+--------+--------+--------+-----+--------+
         Total |  18527 |  17990 |    537 |   5929 |   8950 |  17 | 1089.8 |
       Dungeon |  11431 |  11000 |    431 |   3258 |   5891 |  10 | 1143.1 |
          Lair |   5234 |   5128 |    106 |   1670 |   2626 |   5 | 1046.8 |
         Sewer |    502 |    502 |      0 |     16 |    344 |   1 |  502.0 |
        Bailey |   1360 |   1360 |      0 |    984 |     89 |   1 | 1360.0 |
               +--------+--------+--------+--------+--------+-----+--------+

Top non-repeatable levels by time:
     D:8: 2061 daAuts
  Lair:3: 1862 daAuts
    D:10: 1723 daAuts
  Lair:2: 1572 daAuts
     D:9: 1496 daAuts
  Bailey: 1360 daAuts
     D:5: 1306 daAuts
  Lair:1: 1286 daAuts
     D:4: 1152 daAuts
     D:2: 905 daAuts
     D:6: 896 daAuts
     D:1: 755 daAuts
     D:7: 577 daAuts
     D:3: 555 daAuts
   Sewer: 502 daAuts
